 Dungeon Crawl Stone Soup version 0.22.1-1-ga44c0e56f4 (webtiles) character file.

5247 Morbidden the Destroyer (level 10, -2/73 HPs)
             Began as a Vine Stalker Conjurer on Nov 5, 2018.
             Was a Believer of Vehumet.
             Slain by a killer bee (3 damage)
             ... on level 10 of the Dungeon.
             The game lasted 00:45:44 (11737 turns).

Morbidden the Destroyer (Vine Stalker Conjurer)    Turns: 11737, Time: 00:45:46

Health: -2/73      AC: 25    Str: 11    XL:     10   Next: 62%
Magic:  0/23       EV:  2    Int: 18    God:    Vehumet [**....]
Gold:   539        SH:  7    Dex: 15    Spells: 21/26 levels left

rFire    . . .     SeeInvis .   b - -1 dagger (curse)
rCold    . . .     Gourm    .   E - +0 shield
rNeg     + + +     Faith    .   (armour currently unavailable)
rPois    +         Spirit   +   (helmet currently unavailable)
rElec    .         Reflect  .   (cloak currently unavailable)
rCorr    .         Harm     .   (gloves currently unavailable)
MR       +....     NoTele   +   (boots currently unavailable)
Stlth    +++.......             (no amulet)
HPRegen  0.62/turn              (no ring)
MPRegen  0.18/turn              (no ring)

@: lethally poisoned (-2 -> -2), tree-form, berserk cooldown, very slightly
contaminated, slowed, invisible, very slow
A: regeneration 1, magic shield, no potion heal 3, rot immunity
a: Renounce Religion


You were on level 10 of the Dungeon.
You worshipped Vehumet.
Vehumet was pleased with you.
You were not hungry.
You were a tree.
You visited 2 branches of the dungeon, and saw 11 of its levels.
You also visited: Bailey.

You collected 539 gold pieces.

Inventory:

Hand Weapons
 a - a +3 war axe of flaming
 b - a cursed -1 dagger (weapon)
 m - a +0 quarterstaff of speed
 B - a +0 trident of piercing
Armour
 p - a +4 ring mail (melded)
 u - a +2 large shield of fire resistance
 w - a +2 pair of gloves (melded)
 A - +0 steam dragon scales
 E - a +0 shield (worn)
Jewellery
 d - an uncursed amulet of the acrobat
Wands
 t - a wand of flame (20)
 z - a wand of digging (8)
 F - a wand of paralysis (6)
Scrolls
 i - 4 scrolls of teleportation
 k - 2 scrolls of fear
 s - 2 scrolls of identify
 v - a scroll of magic mapping
 x - 2 scrolls of amnesia
 y - 2 scrolls of fog
 C - a scroll of remove curse {unknown}
 D - a scroll of blinking
 H - a scroll of torment {unknown}
Potions
 e - 2 potions of flight
 f - 5 potions of lignification
 g - a potion of berserk rage
 h - a potion of cancellation
 j - 2 potions of invisibility
 l - 4 potions of resistance
 n - 3 potions of brilliance
 o - 2 potions of curing
 q - a potion of degeneration
 r - a potion of haste
 G - a potion of might
Comestibles
 c - 7 rations


   Skills:
 + Level 3.0 Fighting
 + Level 4.4 Armour
 + Level 4.6 Dodging
 + Level 5.2 Stealth
 + Level 1.2 Shields
 + Level 0.6 Unarmed Combat
 + Level 8.6 Spellcasting
 + Level 9.9 Conjurations
 + Level 0.4 Evocations


You had 21 spell levels left.
You knew the following spells:

 Your Spells              Type           Power        Failure   Level  Hunger
a - Magic Dart            Conj           ####         1%          1    None
b - Iskenderun's Mystic   Conj           #####...     10%         4    ###....

Your spell library contained the following spells:

 Spells                   Type           Power        Failure   Level  Hunger
 Throw Flame              Conj/Fire      ####..       11%         2    None
 Searing Ray              Conj           #####.       1%          2    None
 Conjure Flame            Conj/Fire      ####....     22%         3    None
 Dazzling Spray           Conj/Hex       ####..       22%         3    None
 Mephitic Cloud           Conj/Pois/Air  ###.....     38%         3    None
 Confusing Touch          Hex            #.....       50%         1    None
 Force Lance              Conj/Tloc      ####....     56%         4    ###....
 Fulminant Prism          Conj/Hex       ####......   56%         4    ###....
 Blink                    Tloc           N/A          63%         2    None
 Call Imp                 Summ           #.......     63%         2    None
 Slow                     Hex            #.......     63%         2    None
 Confuse                  Hex            #.......     86%         3    None
 Gell's Gravitas          Tloc           #.........   86%         3    None
 Petrify                  Tmut/Erth      #.......     99%         4    ###....
 Metabolic Englaciation   Hex/Ice        #.........   100%        5    #####..
 Yara's Violent Unravell  Hex/Tmut       #.........   100%        5    #####..


Dungeon Overview and Level Annotations

Branches:
Dungeon (10/15)            Temple (1/1) D:5             Orc (0/2) D:9
   Lair: D:8-11

Altars:
Ashenzari
Cheibriados
Dithmenos
Elyvilon
Fedhas
Gozag
Hepliaklqana
Kikubaaqudgha
Makhleb
Nemelex Xobeh
Okawaru
Qazlal
Ru
Sif Muna
Trog
Uskayaw
Vehumet
Wu Jian
Xom
Yredelemnul
Zin
The Shining One

Shops:
D:5 %

Annotations:
D:3 Eustachio, Sigmund


Innate Abilities, Weirdness & Mutations

((You have razor-sharp teeth.))
Your natural rate of healing is unusually fast.
When hurt, damage is shared between your health and your magic reserves.
((Your bite disrupts and absorbs the magic of your enemies.))
Potions cannot restore your health.
You are immune to rotting.


Message History

The killer bee stings you but does no damage.
The killer bee stings you.
* * * LOW HITPOINT WARNING * * *
You closely miss the killer bee.
The killer bee is moderately wounded.
The killer bee stings you but does no damage. x4
You miss the killer bee.
The killer bee is moderately wounded.
You block the killer bee's attack. x2
You miss the killer bee.
The killer bee is moderately wounded.
The killer bee stings you but does no damage. x2
You miss the killer bee.
The killer bee is moderately wounded.
You are no longer berserk.
You are exhausted.
You feel yourself slow down.
You feel sick. The killer bee stings you.
* * * LOW HITPOINT WARNING * * *
The killer bee stings you.
You die...

########## #############
#........###
#...........#
#..........#
#...........####........#
#......$....yy##<.......#
#.....?....†#♣##........#
#?..........#..#........#
#...........##.#........#
#...........##..........#
#...........####........#
#######.##### #######.##
#.. .# ##


You could see 2 killer bees.

Vanquished Creatures
  A two-headed ogre (D:9)
  A hungry ghost (D:9)
  4 ice beasts
  6 orc warriors
  3 sky beasts
  A black bear (D:9)
  A necrophage (D:8)
  3 phantoms
  6 ogres
  2 centaurs
  A crocodile (D:8)
  5 bullfrogs
  4 killer bees (D:10)
  3 wights (D:7)
  2 crimson imps
  A bullfrog zombie (D:7)
  3 hounds
  A jelly (D:9)
  2 orc wizards
  3 orc priests
  2 iguanas
  Natasha (thrice) (D:2)
  9 worker ants
  A hound zombie (D:7)
  2 howler monkey skeletons
  4 gnolls (D:7)
  12 adders
  4 shadow imps
  An ooze (D:1)
  An adder zombie (D:9)
  An adder skeleton (D:4)
  2 worms (D:2)
  3 dart slugs
  3 leopard geckos
  44 orcs
  6 bats
  7 giant cockroaches
  11 goblins
  14 hobgoblins
  14 jackals
  6 quokkas
  3 ball pythons
  A ball python skeleton (D:4)
  5 frilled lizards
  9 kobolds
  A leopard gecko zombie (D:8)
  A quokka zombie (D:7)
  19 rats
242 creatures vanquished.

Vanquished Creatures (collateral kills)
  An orc knight (Bailey)
1 creature vanquished.

Grand Total: 243 creatures vanquished

Notes
Turn   | Place    | Note
-------+----------+-------------------------------------------
     0 | D:1      | Morbidden the Vine Stalker Conjurer began the quest for the
                  | Orb.
     0 | D:1      | Reached XP level 1. HP: 9/9 MP: 4/4
    80 | D:1      | Reached XP level 2. HP: 13/13 MP: 1/6
   413 | D:1      | Reached XP level 3. HP: 14/16 MP: 7/7
  1152 | D:2      | Reached skill level 5 in Conjurations
  1275 | D:2      | Noticed Natasha
  1290 | D:2      | Killed Natasha
  1290 | D:2      | Gained mutation: Your natural rate of healing is unusually
                  | fast. [Vine Stalker growth]
  1290 | D:2      | Reached XP level 4. HP: 11/21 MP: 2/8
  1796 | D:2      | Reached XP level 5. HP: 20/25 MP: 0/10
  1899 | D:2      | Noticed Natasha
  1919 | D:2      | Killed Natasha
  1919 | D:2      | Reached skill level 1 in Fighting
  2107 | D:2      | Noticed Natasha
  2116 | D:2      | Killed Natasha
  2459 | D:3      | Noticed Sigmund
  2629 | D:3      | Reached XP level 6. HP: 30/30 MP: 7/11
  3072 | D:3      | Reached skill level 6 in Conjurations
  3138 | D:3      | Learned a level 4 spell: Iskenderun's Mystic Blast
  3171 | D:3      | Found a hide-covered altar of Uskayaw.
  3529 | D:4      | Reached XP level 7. HP: 35/35 MP: 1/13
  3847 | D:4      | Noticed Eustachio
  4146 | D:4      | Found an ornate altar of the Wu Jian Council.
  4962 | D:5      | Entered Level 5 of the Dungeon
  5019 | D:5      | Reached skill level 1 in Armour
  5024 | D:5      | Reached skill level 7 in Conjurations
  5024 | D:5      | Gained mutation: You have razor-sharp teeth. [Vine Stalker
                  | growth]
  5024 | D:5      | Reached XP level 8. HP: 39/39 MP: 9/15
  5047 | D:5      | Found Xiepe's Food Shop.
  5429 | D:5      | Found a staircase to the Ecumenical Temple.
  5478 | Temple   | Entered the Ecumenical Temple
  5641 | Temple   | Became a worshipper of Vehumet
  5736 | D:5      | Reached skill level 5 in Spellcasting
  5746 | D:5      | Found a glowing golden altar of the Shining One.
  5747 | D:5      | Found a bloodstained altar of Trog.
  6663 | D:7      | Found a flagged portal.
  6723 | Bailey   | Entered a bailey
  6802 | Bailey   | Noticed an orc knight
  7089 | Bailey   | Reached XP level 9. HP: 20/43 MP: 10/19
  7704 | Bailey   | Killed an orc knight
  7704 | Bailey   | Reached skill level 8 in Conjurations
  8361 | D:7      | Reached * piety under Vehumet
  8361 | D:7      | Offered knowledge of Sting by Vehumet.
  8601 | D:7      | Reached skill level 9 in Conjurations
  9371 | D:8      | Reached ** piety under Vehumet
  9371 | D:8      | Offered knowledge of Flame Tongue by Vehumet.
  9673 | D:8      | Reached XP level 10. HP: 34/48 MP: 12/22
 10446 | D:9      | Found an ancient bone altar of Kikubaaqudgha.
 10711 | D:9      | Found a staircase to the Orcish Mines.
 11065 | D:10     | Entered Level 10 of the Dungeon
 11165 | D:9      | Noticed a two-headed ogre
 11471 | D:9      | Killed a two-headed ogre
 11471 | D:9      | Reached skill level 1 in Shields
 11505 | D:9      | Reached skill level 5 in Stealth
 11648 | D:10     | Offered knowledge of Throw Flame by Vehumet.
 11714 | D:10     | HP: 3/73 [killer bee (2)]
 11721 | D:10     | HP: 4/109 [poisoned by a killer bee]
 11726 | D:10     | HP: 4/109 [poisoned by a killer bee]
 11731 | D:10     | HP: 3/109 [poisoned by a killer bee]
 11733 | D:10     | HP: 1/109 [killer bee (3)]
 11737 | D:10     | Slain by a killer bee

Skill      XL: |  1  2  3  4  5  6  7  8  9 10 |
---------------+-------------------------------+-----
Dodging        | 2 3 4 |  4.6
Conjurations   | 5 6 7 9 |  9.9
Fighting       | 1 2 3 |  3.0
Spellcasting   | 3 4 6 7 8 |  8.6
Stealth        | 3 4 5 |  5.2
Armour         | 1 3 4 |  4.4
Shields        | 1 |  1.2
Unarmed Combat | |  0.6
Evocations     | |  0.4

Action                   |  1- 3 |  4- 6 |  7- 9 | 10-12 || total
-------------------------+-------+-------+-------+-------++-------
Melee: Unarmed           |    25 |       |       |       ||    25
       Bite              |    15 |    33 |    87 |    34 ||   169
       Dagger            |    41 |   159 |   310 |   155 ||   665
       Punch             |       |       |     1 |     1 ||     2
 Cast: Magic Dart        |    72 |   136 |   493 |   134 ||   835
       Iskenderun's Myst |       |       |    15 |    10 ||    25
Evoke: Wand              |       |       |     4 |     1 ||     5
  Use: Scroll            |     1 |    10 |     4 |     6 ||    21
       Potion            |       |     2 |     3 |     3 ||     8
 Stab: Sleeping          |     2 |     3 |     1 |     1 ||     7
       Distracted        |       |     1 |       |       ||     1
       Paralysed         |       |       |       |     4 ||     4
       Invisible         |       |       |       |     1 ||     1
  Eat: Chunk             |     2 |     8 |    11 |     3 ||    24
       Ration            |       |       |     3 |     2 ||     5
Armor: Robe              |    15 |    15 |       |       ||    30
       Skin              |       |    28 |       |    66 ||    94
       Ring mail         |       |       |   182 |   111 ||   293
       Steam dragon scal |       |       |     1 |       ||     1
Dodge: Dodged            |    41 |   146 |   330 |   143 ||   660
Block: Shield            |       |       |       |    98 ||    98
